 Dungeon Crawl Stone Soup version 0.25.0-46-gbd7b085 (webtiles) character file.

Game seed: 15059655027430150680

3301 heretic213123 the Basher (level 10, 0/81 HPs)
             Began as a Ghoul Gladiator on July 12, 2020.
             Was a Priest of Makhleb.
             Killed from afar by an orc wizard (8 damage)
             ... with a magic dart
             ... on level 8 of the Dungeon.
             The game lasted 01:18:11 (6519 turns).

heretic213123 the Basher (Ghoul Gladiator)          Turns: 6519, Time: 01:18:12

Health: 0/81       AC:  7    Str: 25    XL:     10   Next: 1%
Magic:  9/9        EV: 15    Int:  3    God:    Makhleb [***...]
Gold:   417        SH:  5    Dex: 19    Spells: 9/9 levels left

rFire    + . .     SeeInvis .   E - +4 flail
rCold    + . .     Gourm    .   (no shield)
rNeg     + + +     Faith    .   D - +1 leather armour of Mezcal {Harm rF+ MR- Stlth+}
rPois    ∞         Spirit   .   b - +0 helmet
rElec    .         Reflect  +   (no cloak)
rCorr    .         Harm     +   (no gloves)
MR       .....                  q - +0 pair of boots
Stlth    +++.......             m - amulet of reflection
HPRegen  0.00/turn              w - +6 ring of dexterity
MPRegen  0.11/turn              h - +6 ring of strength

@: rotting
A: rotting body, claws 1, carnivore, cold resistance 1, negative energy
resistance 3, inhibited regeneration, torment resistance, unbreathing
a: Minor Destruction, Lesser Servant of Makhleb, Renounce Religion


You were on level 8 of the Dungeon.
You worshipped Makhleb.
Makhleb was most pleased with you.
You were not hungry.

You visited 1 branch of the dungeon, and saw 8 of its levels.
You also visited: Ossuary.

You collected 417 gold pieces.

Inventory:

Hand Weapons
 f - a +2 morningstar of draining
 E - a +4 flail (weapon)
Missiles
 c - 5 throwing nets (quivered)
Armour
 b - a +0 helmet (worn)
 j - a +0 scale mail
 q - a +0 pair of boots (worn)
 D - the +1 leather armour of Mezcal (worn) {Harm rF+ MR- Stlth+}
   (You found it on level 7 of the Dungeon)

   It protects you from fire.
   It affects your resistance to hostile enchantments.
   It increases damage dealt and taken.
   It makes you more stealthy.
Jewellery
 h - a +6 ring of strength (right claw)
 m - an amulet of reflection (around neck)
 r - an uncursed ring of protection from fire
 t - an uncursed amulet of regeneration
 w - a +6 ring of dexterity (left claw)
Wands
 s - a wand of flame (20)
 y - a wand of polymorph (8)
 F - a wand of iceblast (13)
Scrolls
 a - 2 scrolls of identify
 e - a scroll of blinking
 g - 3 scrolls of remove curse
 i - 5 scrolls of random uselessness {unknown}
 k - a scroll of enchant weapon
 n - a scroll of teleportation
 x - a scroll of fear {unknown}
 G - a scroll of enchant armour {unknown}
Potions
 l - 4 potions of invisibility
 o - a potion of haste
 p - a potion of ambrosia {unknown}
 u - 3 potions of stabbing
 v - 3 potions of flight
 z - 8 potions of degeneration {unknown}
 A - a potion of curing {unknown}
 C - 2 potions of mutation {unknown}
Comestibles
 d - 12 rations
 B - 2 chunks of flesh


   Skills:
 + Level 5.0 Fighting
 * Level 8.9 Maces & Flails
 - Level 2.0 Throwing
 + Level 5.5 Armour
 + Level 4.6 Dodging
 - Level 1.0 Stealth
 - Level 5.5 Unarmed Combat
 + Level 0.5 Evocations


You had 9 spell levels left.
You didn't know any spells.
Your spell library was empty.

Dungeon Overview and Level Annotations

Branches:
Dungeon (8/15)             Temple (0/1) D:7         Ossuary (visited)
   Lair: D:8-11

Altars:
Ashenzari
Cheibriados
Elyvilon
Gozag
Makhleb
Qazlal
Trog
Uskayaw
Vehumet
Zin

Shops:
D:4 *


Innate Abilities, Weirdness & Mutations

Your body is rotting away.
You thrive on raw meat.
You are immune to poison.
You have sharp fingernails.
You are carnivorous and can eat meat at any time.
Your flesh is cold resistant. (rC+)
You are immune to negative energy. (rN+++)
You do not regenerate when monsters are visible.
You are immune to unholy pain and torment.
You can survive without breathing.


Message History

* * * LOW HITPOINT WARNING * * *
The orc wizard points at you and mumbles some strange words.
You resist with significant effort.
The orc wizard gestures at you while chanting.
The magic dart hits you but does no damage.
The orc wizard closely misses you.
The orc wizard hits you but does no damage.
The orc wizard gestures at you while chanting.
You resist with significant effort. The orc wizard misses you.
The orc wizard gestures at you while chanting.
The magic dart hits you.
* * * LOW HITPOINT WARNING * * *
There is an open door here.
The orc wizard casts a spell at you. The magic dart hits you.
* * * LOW HITPOINT WARNING * * *
The orc wizard casts a spell at you. The magic dart hits you!
You die...

#.##+## #....#
###.#...## #.####
........## #.###
##.......## #.#.##
#.....>...###....####
+....................
..##.<..............####
........÷.....##....##
#..##.#.@...#.#.....##
..## ##...##......).## #
#.. ##o###.........#
#.#... #.# #........##
......###O# #.#.....##
.......)..###.##....#
.......)...##....O..#
............#####o###
###....#...## #.#


You could see a two-headed ogre and an orc wizard (fast).

Vanquished Creatures
  Maggie (D:7)
  Menkaure (D:5)
  Edmund (D:5)
  A water moccasin (D:8)
  Duvessa (D:7)
  2 sky beasts
  3 ice beasts
  A phantom (D:7)
  2 ogres
  A centaur (D:5)
  Blork the orc (D:5)
  Dowan (D:7)
  2 scorpions
  5 killer bees (D:7)
  2 howler monkeys
  3 wights (D:7)
  A crimson imp (D:4)
  3 hounds
  A centaur skeleton (D:8)
  4 orc priests
  A human zombie (Ossuary)
  2 jellies
  Terence (D:3)
  2 orc wizards
  An iguana (D:5)
  12 worker ants
  A big kobold zombie (Ossuary)
  6 mummies
  A worker ant zombie (D:5)
  8 adders
  7 gnolls
  A shadow imp (D:5)
  An adder skeleton (D:3)
  A worm (D:2)
  2 dart slugs (D:1)
  4 leopard geckos
  24 orcs
  6 bats
  3 giant cockroaches
  2 gnoll zombies (Ossuary)
  3 goblins
  7 hobgoblins
  7 jackals
  10 kobolds
  5 quokkas
  A ball python skeleton (D:2)
  6 frilled lizards
  2 goblin zombies
  2 hobgoblin zombies (Ossuary)
  A leopard gecko zombie (D:2)
  An orc zombie (Ossuary)
  A quokka skeleton (D:6)
  A quokka zombie (D:6)
  4 rats
174 creatures vanquished.

Notes
Turn   | Place    | Note
-------+----------+-------------------------------------------
     0 | D:1      | heretic213123 the Ghoul Gladiator began the quest for the
                  | Orb.
     0 | D:1      | Reached XP level 1. HP: 17/17 MP: 0/0
    61 | D:1      | Reached XP level 2. HP: 19/24 MP: 1/1
   657 | D:2      | Reached XP level 3. HP: 29/29 MP: 2/2
   879 | D:2      | Reached skill level 1 in Armour
  1028 | D:2      | Found a burning altar of Makhleb.
  1053 | D:2      | Became a worshipper of Makhleb the Destroyer
  1228 | D:3      | Reached XP level 4. HP: 35/35 MP: 3/3
  1270 | D:3      | Noticed Terence
  1296 | D:3      | Killed Terence
  1355 | D:3      | Found a stormy altar of Qazlal.
  1409 | D:3      | Noticed a +0 hand axe
  1410 | D:3      | Noticed a +0 dagger
  1427 | D:3      | Found a hide-covered altar of Uskayaw.
  1437 | D:3      | Reached XP level 5. HP: 38/42 MP: 4/4
  1487 | D:3      | Found a shattered altar of Ashenzari.
  1534 | D:3      | Noticed an ogre
  1549 | D:3      | Killed an ogre
  1549 | D:3      | Reached skill level 5 in Unarmed Combat
  1742 | D:3      | Reached XP level 6. HP: 48/50 MP: 5/5
  1878 | D:3      | Reached * piety under Makhleb
  2017 | D:3      | Found a glowing silver altar of Zin.
  2446 | D:4      | Reached skill level 1 in Maces & Flails
  2451 | D:4      | Found Huollif's Humungous Hoard.
  2486 | D:4      | Reached XP level 7. HP: 49/57 MP: 6/6
  2561 | D:4      | Reached skill level 2 in Maces & Flails
  2833 | D:4      | Reached ** piety under Makhleb
  3089 | D:4      | Found an opulent altar of Gozag.
  3245 | D:5      | Entered Level 5 of the Dungeon
  3282 | D:5      | Reached skill level 3 in Maces & Flails
  3339 | D:5      | Noticed Menkaure
  3436 | D:5      | Killed Menkaure
  3436 | D:5      | Reached skill level 4 in Maces & Flails
  3436 | D:5      | Reached XP level 8. HP: 57/64 MP: 7/7
  3637 | D:5      | Noticed Blork the orc
  3663 | D:5      | Reached skill level 5 in Maces & Flails
  3674 | D:5      | Killed Blork the orc
  3685 | D:5      | Noticed Edmund
  3702 | D:5      | Killed Edmund
  3716 | D:5      | Found a bloodstained altar of Trog.
  3788 | D:5      | Reached skill level 6 in Maces & Flails
  4035 | D:6      | Found a white marble altar of Elyvilon.
  4235 | D:6      | Reached XP level 9. HP: 71/71 MP: 8/8
  4347 | D:6      | Found a sand-covered staircase.
  4373 | Ossuary  | Entered an ossuary
  4453 | Ossuary  | Reached skill level 7 in Maces & Flails
  4516 | Ossuary  | Reached *** piety under Makhleb
  4660 | D:6      | Found a radiant altar of Vehumet.
  5308 | D:7      | Noticed Maggie
  5500 | D:7      | Found a staircase to the Ecumenical Temple.
  5517 | D:7      | Got an amber-encrusted leather armour
  5528 | D:7      | Identified the +1 leather armour of Mezcal {Harm rF+ MR-
                  | Stlth+} (You found it on level 7 of the Dungeon)
  5528 | D:7      | Noticed Duvessa
  5529 | D:7      | Noticed Dowan
  5547 | D:7      | Killed Duvessa
  5547 | D:7      | Reached skill level 8 in Maces & Flails
  5580 | D:7      | Killed Maggie
  5580 | D:7      | Reached skill level 5 in Armour
  6054 | D:7      | Killed Dowan
  6252 | D:8      | Found a snail-covered altar of Cheibriados.
  6303 | D:8      | Found a shattered altar of Ashenzari.
  6401 | D:8      | Reached skill level 1 in Stealth
  6485 | D:8      | Reached XP level 10. HP: 80/80 MP: 9/9
  6489 | D:8      | Reached skill level 5 in Fighting
  6490 | D:8      | Noticed a two-headed ogre
  6519 | D:8      | Killed from afar by an orc wizard

Illustrated notes

Levels and vault maps discovered:
D:1:      scummos_arrival_star, layout_basic, chequers_serial_rivers_small_a
D:2:      minmay_door_path, layout_rooms, old_standard_altar, serial_undead,
          serial_undead_f, serial_undead_a, serial_undead_d, serial_undead_a,
          st_stairs_12, minmay_split_cup_large
D:3:      layout_loops_ring, nicolae_qazlal_general_emergency, zin_scriptorium,
          dancing_weapons_uskayaw, overflow_temple_1_default, uniq_terence
D:4:      layout_gridville, nicolae_gozag_seed_capital,
          minmay_misc_feat_pillars, minivault_5, nicolae_alphabet_shops
D:5:      layout_basic, kennysheep_little_box, first_ration, kennysheep_potato,
          uniq_menkaure, uniq_blork_the_orc, uniq_edmund
D:6:      layout_loops_corners, vehumet_altar_wand_db, elyvilon_altar_1,
          enter_ossuary_4
D:7:      layout_loops_cross, minmay_temple_entry_gardened_gates, uniq_duvessa,
          uniq_maggie
D:8:      layout_loops_corners, slow_altar_1, basic_altar

Skill      XL: |  1  2  3  4  5  6  7  8  9 10 |
---------------+-------------------------------+-----
Dodging        | 3 4 |  4.6
Throwing       | 2 |  2.0
Armour         | 1 2 3 4 5 |  5.5
Unarmed Combat | 4 5 |  5.5
Maces & Flails | 1 4 6 8 |  8.9
Fighting       | 3 4 5 |  5.0
Stealth        | 1 |  1.0
Evocations     | |  0.5

Action                   |  1- 3 |  4- 6 |  7- 9 | 10-12 || total
-------------------------+-------+-------+-------+-------++-------
Melee: Unarmed           |   108 |    95 |    88 |       ||   291
       Punch             |       |     6 |    13 |       ||    19
       Morningstar       |       |    78 |   208 |       ||   286
       Flail             |       |       |    88 |     6 ||    94
Evoke: Wand              |       |     1 |     6 |       ||     7
  Use: Scroll            |       |     8 |     8 |       ||    16
       Potion            |       |     2 |     5 |       ||     7
 Stab: Invisible         |       |     1 |       |       ||     1
       Sleeping          |       |       |     2 |       ||     2
  Eat: Chunk             |    11 |    24 |    50 |       ||    85
       Ration            |     1 |       |     3 |       ||     4
Armor: Leather armour    |    16 |       |    15 |    12 ||    43
       Scale mail        |    19 |    77 |   142 |       ||   238
Dodge: Dodged            |    62 |    92 |   254 |    12 ||   420
Block: Other             |       |       |    39 |     1 ||    40
       Reflection        |       |       |     1 |       ||     1
